 Dungeon Crawl Stone Soup version 0.20-a0-1116-gaa52201 (webtiles) character file.

158 inmateoo the Grave Robber (level 5, -2/49 HPs)
             Began as an Ogre Necromancer on May 8, 2017.
             Killed by divine providence
             ... invoked by an orc priest
              (12 damage)
             ... on level 4 of the Dungeon.
             The game lasted 00:05:44 (2873 turns).

inmateoo the Grave Robber (Ogre Necromancer)        Turns: 2873, Time: 00:05:45

Health: -2/49      AC:  3    Str: 18    XL:     5   Next: 39%
Magic:  9/9        EV: 10    Int: 16    God:
Gold:   141        SH:  0    Dex:  9    Spells: 2/10 levels left

rFire    . . .     SeeInvis .   u - +0 morningstar
rCold    . . .     Gourm    .   (no shield)
rNeg     . . .     Faith    .   a - +0 robe
rPois    .         Spirit   .   (helmet restricted)
rElec    .         Reflect  .   (no cloak)
rCorr    .         Harm     .   (gloves unavailable)
MR       .....                  (boots unavailable)
Stlth    +.........             (no amulet)
Regen    0.2/turn               (no ring)
MPRegen  0.2/turn               (no ring)

@: mighty, flying, hasted, very quick
A: unfitting armour, tough skin 1
a: no special abilities


You were on level 4 of the Dungeon.
You were not hungry.

You visited 1 branch of the dungeon, and saw 4 of its levels.

You collected 141 gold pieces.

Inventory:

Hand Weapons
 r - a +0 blowgun
 u - a +0 morningstar (weapon)
Missiles
 d - a throwing net (quivered)
 h - 48 stones
 q - 21 poisoned needles
Armour
 a - a +0 robe (worn)
Scrolls
 j - a scroll of enchant armour {unknown}
 m - 2 scrolls of magic mapping {unknown}
 n - 2 scrolls of remove curse {unknown}
 o - a scroll of teleportation {unknown}
 p - a scroll of blinking {unknown}
Potions
 f - a potion of flight
Books
 b - a book of Necromancy

   Spells                             Type                      Level
   a - Pain                           Necromancy                   1
   b - Animate Skeleton               Necromancy                   1
   c - Vampiric Draining              Necromancy                   3
   d - Regeneration                   Charms/Necromancy            3
   e - Animate Dead                   Necromancy                   4
   f - Control Undead                 Necromancy                   4
Comestibles
 c - 2 bread rations
 s - a royal jelly
 t - a meat ration


   Skills:
 + Level 1.8 Fighting
 * Level 0.6 Maces & Flails
 + Level 1.9 Throwing
 + Level 2.4 Dodging
 - Level 1.4 Stealth
 + Level 3.3 Spellcasting
 * Level 4.4 Necromancy


You had 2 spell levels left.
You knew the following spells:

 Your Spells              Type           Power        Failure   Level  Hunger
a - Pain                  Necr           ###.         2%          1    None
b - Animate Skeleton      Necr           N/A          2%          1    None
c - Vampiric Draining     Necr           ###.......   9%          3    ###....
d - Regeneration          Chrm/Necr      #.........   22%         3    ###....


Dungeon Overview and Level Annotations

Branches:
Dungeon (4/15)
 Temple: D:4-7

Altars:


Innate Abilities, Weirdness & Mutations

You are too large for most types of armour.
You have tough skin. (AC +1)


Message History

The magic dart hits you!
* * * LOW HITPOINT WARNING * * *
The orc priest closely misses you.
The orc wizard gestures at you while chanting.
The magic dart hits you!
* * * LOW HITPOINT WARNING * * *
Unknown command.
It was a potion of might.
You feel very mighty all of a sudden. The orc priest hits you with a club.
* * * LOW HITPOINT WARNING * * *
You feel better.
The orc wizard hits you with a dagger of pain.
* * * LOW HITPOINT WARNING * * *
You feel better.
The orc wizard hits you with a dagger of pain.
* * * LOW HITPOINT WARNING * * *
The orc priest invokes the aid of Beogh against you.
Beogh smites you!
You die...

#. #.# ##### .
###.####... .. ...##.#.#
... #.#....#
....###......##
........#.....#
#........o..#
#####.##.o@.# .#
#<##.#### .# ###.##'##
.# ....#[..## .#
###.....## ### (#
##......o## ##.##.#
#........o####...#.#####
+.........'..o.o........
#.........####...#.#####


You could see an orc priest and an orc wizard.

Vanquished Creatures
  An orc priest (D:3)
  A worker ant (D:4)
  2 adders (D:3)
  An ooze (D:1)
  2 worms (D:3)
  4 dart slugs
  3 leopard geckos (D:1)
  8 orcs (D:3)
  6 bats
  A giant cockroach (D:1)
  2 hobgoblins (D:1)
  4 jackals
  6 kobolds
  4 goblins
  9 rats
54 creatures vanquished.

Vanquished Creatures (collateral kills)
  A hobgoblin (D:1)
  A rat (D:1)
2 creatures vanquished.

Grand Total: 56 creatures vanquished

Notes
Turn   | Place    | Note
-------+----------+-------------------------------------------
     0 | D:1      | inmateoo the Ogre Necromancer began the quest for the Orb.
     0 | D:1      | Reached XP level 1. HP: 16/16 MP: 3/3
   203 | D:1      | Reached XP level 2. HP: 22/24 MP: 5/5
   239 | D:1      | Learned a level 1 spell: Animate Skeleton
   278 | D:1      | Reached skill level 1 in Throwing
   673 | D:1      | Reached XP level 3. HP: 21/31 MP: 7/7
   838 | D:1      | Reached skill level 4 in Necromancy
  1202 | D:3      | Reached skill level 1 in Fighting
  1407 | D:3      | Reached XP level 4. HP: 41/41 MP: 8/8
  2127 | D:3      | Learned a level 3 spell: Vampiric Draining
  2131 | D:3      | Learned a level 3 spell: Regeneration
  2357 | D:3      | Reached XP level 5. HP: 20/49 MP: 1/9
  2873 | D:4      | Killed from afar by an orc priest

Vault maps used:
D:1:      dpeg_arrival_rooms_c
D:2:      kennysheep_big_flooded_room, kiku_gazebo_garden_becter,
          nicolae_gozag_seed_capital, first_bread
D:4:      uniq_blork_the_orc

Skill      XL: |  1  2  3  4 |
---------------+-------------+-----
Dodging        | 2 |  2.4
Throwing       | 1 |  1.9
Necromancy     | 4 |  4.4
Fighting       | 1 |  1.8
Spellcasting   | 3 |  3.3
Maces & Flails | |  0.6
Stealth        | |  1.4

Action                   |  1- 3 |  4- 6 || total
-------------------------+-------+-------++-------
Melee: Dagger            |   120 |    33 ||   153
       Morningstar       |       |     7 ||     7
 Fire: Blowgun           |       |    24 ||    24
 Cast: Pain              |    27 |    42 ||    69
       Animate Skeleton  |     1 |       ||     1
       Regeneration      |       |     1 ||     1
  Use: Potion            |       |     6 ||     6
 Stab: Sleeping          |     4 |       ||     4
  Eat: Chunk             |     2 |     5 ||     7
Armor: Robe              |    52 |    25 ||    77
Dodge: Dodged            |    81 |    54 ||   135
